AoeStats
← JOLIAT

Arena

509922634Analyzed
1v1 RM · 2d ago on Sep 28, 2026· 42m 16s· 2 players
Game mode
Random Map
Map size
Tiny (2 player)
Population
200
Speed
Normal
Resources
Standard
Victory
Conquest
Starting age
Dark Age
Ending age
Imperial Age
RankedLock teamsTeams togetherTeam positionsShared explorationLock speedFull tech treeHidden civsTurbo modeCheats
Victory
Defeat
🇵🇪 Poles · Peru
1912
+23
🇨🇴 Mongols · Colombia
2064
-23
LE | Asav
5:40 Loom
8:53 Feudal Age
9:24 Double-Bit Axe
11:44 Wheelbarrow
12:55 Horse Collar
19:49 Castle Age
20:53 Bow Saw
21:11 Heavy Plow
25:28 Gold Mining
26:41 Stone Mining
29:45 Imperial Age
27:04 Town Watch
27:39 Hand Cart
27:49 Fletching
28:11 Padded Archer Armor
28:34 Ballistics
28:31 Bodkin Arrow
29:07 Padded Archer Armor
29:46 Stone Shaft Mining
28:37 Crossbowman
30:34 Leather Archer Armor
31:29 Chemistry
30:54 Bracer
31:34 Crop Rotation
31:19 Arbalester
32:05 Thumb Ring
32:16 Leather Archer Armor
32:48 Scale Barding Armor
32:53 Forging
32:40 Town Watch
33:46 Conscription
33:49 Siege Engineers
34:14 Chain Barding Armor
33:54 Scale Mail Armor
34:51 Bloodlines
34:41 Husbandry
34:01 Light Cavalry
34:42 Murder Holes
34:58 Masonry
35:12 Lechitic Legacy
36:00 Winged Hussar
36:39 Treadmill Crane
37:35 Hoardings
40:50 Iron Casting
42:42 Blast Furnace
JOLIAT
8:51 Loom
10:40 Feudal Age
8:57 Loom
10:54 Feudal Age
11:25 Man-at-Arms
11:51 Double-Bit Axe
11:47 Horse Collar
12:50 Wheelbarrow
20:05 Castle Age
18:39 Gold Mining
21:19 Bow Saw
21:18 Heavy Plow
24:45 Hand Cart
30:28 Imperial Age
29:24 Gold Shaft Mining
29:12 Stone Mining
29:19 Stone Mining
31:19 Stone Shaft Mining
31:16 Forging
30:58 Onager
32:18 Siege Onager
34:04 Drill
34:01 Siege Engineers
33:58 Town Watch
34:56 Bloodlines
34:51 Fletching
36:25 Chemistry
35:29 Padded Archer Armor
37:07 Conscription
36:51 Bodkin Arrow
36:29 Capped Ram
37:53 Masonry
37:51 Bracer
38:07 Leather Archer Armor
37:33 Heavy Scorpion
37:37 Siege Ram
37:49 Heavy Camel Rider
38:29 Husbandry
39:56 Iron Casting
39:27 Scale Barding Armor
39:49 Parthian Tactics
39:29 Thumb Ring
39:45 Bloodlines
40:36 Chain Barding Armor
41:59 Blast Furnace
40:54 Light Cavalry
Connection lost

Rejoining the realm…

Still unreachable

The connection could not be restored.

Session expired

The server has moved on; the page needs a fresh start.